Map: Lockdown LE

Players

GhostRobo - Winner!

  • Race: Terran Terran
  • League: Silver
  • Spawn Location: 1:00

A.I. 1 (Very Easy)

  • Race: Terran Terran
  • Spawn Location: 7:00

VOD

Have the link to the VOD?

Description

Time

  • Played on: July 5, 2026, 1:58 p.m.
  • Length: 14:55
Show
View Real Time Build Order
Export as new Build Order

GhostRobo Terran - Winner!

Build Orders: Reaper Expand 

Get SALT Encoding   

  8  0:00  SCV  
  9  0:12  SCV  
  10  0:24  SCV  
  11  0:29  Supply Depot  
  11  0:36  SCV  
  12  0:53  Barracks  
  12  1:00  Refinery  
  12  1:03  SCV  
  13  1:15  SCV  
  14  1:27  SCV  
  15  1:42  Orbital Command  
  15  1:44  Reaper  
  16  2:11  Command Center  
  16  2:14  SCV  
  17  2:26  Marine  
  17  2:27  Supply Depot  
  18  2:33  SCV  
  19  2:45  SCV  
  20  2:57  SCV, Factory  
  20  2:58  Barracks Reactor  
  20  3:08  Refinery  
  20  3:09  SCV  
  21  3:21  SCV  
  22  3:30  Barracks  
  22  3:32  Barracks  
  22  3:33  SCV x2  
  24  3:42  Supply Depot  
  24  3:52  Orbital Command  
  24  3:55  Marine  
  24  3:58  Factory Tech Lab  
  25  4:08  SCV  
  26  4:10  Marine  
  26  4:16  Starport  
  27  4:20  SCV, Barracks Tech Lab  
  28  4:25  Barracks Tech Lab  
  28  4:28  SCV  
  29  4:32  SCV  
  30  4:39  Stimpack  
  30  4:43  Combat Shield  
  30  4:46  Marine x3  
  30  4:47  Marine  
  34  4:58  SCV x2  
  36  5:02  Starport Reactor  
  36  5:04  Marine  
  37  5:09  Marine  
  37  5:10  SCV x2  
  40  5:17  Marine x2  
  40  5:19  Siege Tank  
  45  5:22  SCV x2  
  47  5:30  Command Center  
  47  5:33  Marine x2  
  47  5:34  SCV  
  50  5:40  Supply Depot  
  50  5:47  Supply Depot  
  50  6:02  Marine, SCV x2, Supply Depot  
  53  6:07  Medivac  
  53  6:08  Engineering Bay  
  53  6:09  Marine, Engineering Bay  
  56  6:12  Medivac  
  56  6:13  Marine  
  56  6:14  SCV x2  
  61  6:26  SCV x2  
  61  6:29  Supply Depot  
  61  6:30  Refinery x2  
  63  6:37  Siege Tank  
  63  6:38  SCV x2  
  68  6:40  Marine x3  
  68  6:41  Marauder  
  68  6:45  Viking  
  75  6:49  Orbital Command  
  75  6:50  SCV x2  
  77  6:58  Marauder  
  79  7:02  Terran Infantry Weapons Level 1, Terran Infantry Armor Level 1, SCV x2  
  81  7:13  Orbital Command  
  81  7:14  SCV x2  
  81  7:15  Barracks  
  83  7:17  Barracks  
  83  7:26  Marine  
  83  7:27  SCV x2, Marine x3  
  83  7:29  Siege Tank, Medivac  
  94  7:34  Supply Depot  
  94  7:41  SCV  
  95  7:56  Marine x3, SCV x3, Marauder  
  103  8:03  Barracks Reactor  
  103  8:04  Barracks Reactor  
  103  8:17  Supply Depot  
  103  8:20  Supply Depot  
  103  8:28  Armory  
  103  8:33  Supply Depot  
  103  8:38  Marine x2, SCV x3, Siege Tank  
  111  8:41  Marine x2  
  111  8:42  Medivac  
  111  8:48  Marine x4  
  117  8:53  Supply Depot, Command Center  
  117  8:54  Supply Depot  
  117  8:55  SCV x3  
  122  8:56  Marine x2  
  122  8:59  Marine x2  
  122  9:00  Refinery  
  122  9:02  Supply Depot  
  126  9:04  Refinery  
  126  9:05  Marine  
  127  9:13  Supply Depot  
  127  9:14  Marine x5, SCV x3  
  127  9:15  Siege Tank  
  138  9:17  Marine x2  
  138  9:23  Marine  
  141  9:25  Supply Depot  
  141  9:27  Supply Depot  
  141  9:32  Marine x2, Marauder  
  141  9:35  SCV x3  
  148  9:44  Marine x4, Supply Depot  
  148  9:45  Marine  
  153  9:47  SCV, Siege Tank  
  153  9:50  Marauder  
  153  9:52  Barracks  
  159  9:57  Barracks  
  159  10:01  Barracks  
  159  10:04  Marine  
  159  10:05  Marauder  
  159  10:06  Medivac  
  164  10:07  Medivac  
  164  10:12  Marauder  
  164  10:13  Terran Infantry Weapons Level 2  
  168  10:19  Siege Tank  
  168  10:20  SCV x2  
  173  10:21  SCV  
  173  10:26  Marauder  
  173  10:28  Planetary Fortress  
  176  10:32  SCV x2  
  176  10:33  Marauder  
  180  10:36  Medivac  
  180  10:37  Medivac  
  180  10:41  Barracks Reactor  
  180  10:42  Command Center  
  184  10:44  Barracks Reactor  
  184  10:47  Marauder  
  184  10:48  Barracks Tech Lab  
  186  10:51  Siege Tank  
  189  11:03  Marine x4  
  193  11:04  Marauder  
  195  11:12  Supply Depot  
  195  11:24  Terran Vehicle Weapons Level 1  
  195  11:33  Viking x2  
  195  11:38  Factory  
  199  11:40  Factory  
  199  11:44  Starport  
  199  11:45  Starport  
  199  11:46  Barracks  
  199  11:49  Barracks  
  199  11:53  Barracks  
  199  11:59  Command Center  
  199  12:00  Marine  
  200  12:04  Command Center  
  200  12:30  Refinery  
  200  12:32  Terran Infantry Armor Level 2  
  200  12:33  Refinery  
  200  12:46  Marauder  
  200  12:50  Marauder  
  198  12:57  Planetary Fortress  
  198  13:11  Command Center  
  198  13:24  Siege Tank  
  200  13:41  Orbital Command  
  200  13:42  Orbital Command  
  200  13:44  Factory Tech Lab x2  
  200  13:46  Starport Reactor, Starport Tech Lab  
  200  13:54  Barracks Reactor x2  
  200  13:55  Barracks Tech Lab  
  200  14:08  Barracks  
  200  14:10  Barracks  
  200  14:11  Barracks x2  
  200  14:14  Barracks  
  200  14:15  Barracks  
  200  14:20  Barracks  
Show
View Real Time Build Order
Export as new Build Order

A.I. 1 (Very Easy) Terran 

Build Orders:  

Get SALT Encoding   

  8  0:00  SCV  
  9  0:13  SCV  
  10  0:25  SCV  
  11  0:37  SCV  
  12  0:46  Supply Depot  
  12  0:49  SCV  
  13  1:07  SCV  
  13  1:09  Refinery  
  14  1:12  Barracks  
  14  1:37  Supply Depot  
  14  1:44  Refinery  
  14  1:59  Marine  
  15  2:02  Orbital Command  
  15  2:27  SCV  
  16  2:40  SCV  
  17  2:47  Barracks Tech Lab  
  17  2:52  SCV  
  18  3:04  SCV, Marine  
  20  3:06  Supply Depot  
  20  3:16  SCV  
  21  3:28  SCV  
  22  3:51  Marauder  
  24  6:43  SCV  
  24  6:44  Marine  
  24  6:45  Supply Depot  
  24  6:46  Factory  
  26  6:51  Command Center  
  26  6:55  SCV  
  27  7:07  SCV  
  28  7:17  Marine  
  28  7:19  SCV  
  28  7:31  SCV  
  28  7:33  Starport  
  27  7:49  Marine  
  28  8:04  SCV  
  29  8:11  SCV  
  30  8:12  Refinery  
  30  8:13  Starport Tech Lab  
  30  8:16  Refinery  
  30  8:18  SCV  
  31  8:22  Marine  
  31  8:25  SCV  
  33  8:33  SCV  
  36  8:34  Raven  
  36  8:40  SCV  
  37  8:47  SCV  
  38  8:54  SCV  
  39  8:56  Marauder  
  39  9:01  SCV  
  42  9:08  Raven, SCV  
  45  9:15  SCV  
  46  9:23  SCV  
  47  9:28  Marine  
  47  9:30  SCV  
  49  9:37  SCV  
  50  9:44  SCV  
  51  12:25  Factory Tech Lab  
  51  12:26  Medivac  
  51  12:28  Supply Depot  
  53  12:44  Siege Tank  
  51  12:56  Medivac  
  49  12:59  Supply Depot  
  49  13:10  Marine  
  50  13:19  SCV  
  46  13:33  SCV  
  35  13:35  Marine  
  35  13:38  Supply Depot  
  26  13:46  SCV  
  17  13:58  SCV  
  17  14:02  Supply Depot  
  12  14:08  Starport  
  1  14:38  Command Center  
Tags
 
League
Silver
Matchup
TvT
Race
Terran
Spawn Locations
Cross Positions
Add a new tag
Caveats
  • Supply blocks, unpowered buildings, or Contaminate may cause inaccurate times.
  • Supply counts are checked every 10 seconds.